 Dungeon Crawl Stone Soup version 0.24-a0-545-gd1b266bae6 (webtiles) character file.

Game seed: 11431074736906153328

114516 Edwin the Imperceptible (level 16, -1/77 HPs)
             Began as a Spriggan Enchanter on Aug 7, 2019.
             Was the Champion of Dithmenos.
             Killed by the raging water
             ... invoked by a water nymph
              (22 damage)
             ... on level 1 of the Shoals on Aug 18, 2019.
             The game lasted 02:09:51 (34430 turns).

Edwin the Imperceptible (Spriggan Enchanter)       Turns: 34430, Time: 02:09:53

Health: -1/77      AC:  3    Str:  4    XL:     16   Next: 16%
Magic:  23/30      EV: 34    Int: 18    God:    Dithmenos [******]
Gold:   2540       SH:  0    Dex: 22    Spells: 26/34 levels left

rFire    + . .     SeeInvis +   u - +3 dagger (elec)
rCold    . . .     Gourm    .   (shield restricted)
rNeg     . . .     Faith    .   s - +0 robe {rF+}
rPois    +         Spirit   .   (helmet restricted)
rElec    .         Reflect  .   O - +0 cloak
rCorr    .         Harm     .   (gloves unavailable)
MR       ++...                  (boots unavailable)
Stlth    ++++++++++             m - amulet of the acrobat
HPRegen  0.22/turn              y - ring of stealth
MPRegen  0.22/turn              T - ring of poison resistance

@: about to teleport, flying, wreathed by umbra, very quick
A: very small, unfitting armour, see invisible, herbivore, speed 3, slow
metabolism 2
a: Shadow Step, Shadow Form, Renounce Religion


You were on level 1 of the Shoals.
You worshipped Dithmenos.
Dithmenos was exalted by your worship.
You were not hungry.

You visited 6 branches of the dungeon, and saw 27 of its levels.
You also visited: Gauntlet.

You collected 2540 gold pieces.

Inventory:

Hand Weapons
 i - a +3 dagger of holy wrath
 u - a +3 dagger of electrocution (weapon)
Missiles
 o - 7 javelins (quivered)
Armour
 b - a +1 robe
 s - a +0 robe of fire resistance (worn)
 C - a +0 leather armour of fire resistance
 O - a +0 cloak (worn)
Jewellery
 k - an uncursed ring of resist corrosion
 m - an amulet of the acrobat (around neck)
 y - a ring of stealth (left hand)
 B - an uncursed ring of wizardry
 F - a +2 ring of intelligence
 J - an uncursed ring of see invisible
 R - an uncursed ring of protection from cold
 T - a ring of poison resistance (right hand)
Wands
 n - a wand of iceblast (14)
 r - a wand of random effects (48)
 x - a wand of digging (9)
 A - a wand of flame (21)
 D - a wand of paralysis (6)
 H - a wand of enslavement (9)
 V - a wand of polymorph (22)
Scrolls
 e - 6 scrolls of amnesia
 f - 11 scrolls of identify
 h - 3 scrolls of fear
 j - 9 scrolls of remove curse
 l - 14 scrolls of teleportation
 q - 7 scrolls of enchant armour
 E - 2 scrolls of blinking
 K - 2 scrolls of fog
 N - a scroll of brand weapon
 Q - a scroll of summoning
 X - 4 scrolls of enchant weapon
 Z - 4 scrolls of magic mapping
Potions
 a - 3 potions of agility
 c - 16 potions of curing
 g - a potion of magic
 p - 2 potions of might {unknown}
 t - 3 potions of ambrosia
 v - a potion of cancellation
 w - a potion of berserk rage
 z - 5 potions of lignification
 G - 8 potions of flight
 I - 2 potions of haste {unknown}
 M - 5 potions of heal wounds {unknown}
 S - 3 potions of brilliance {unknown}
Comestibles
 d - 31 rations


   Skills:
 + Level 6.0 Fighting
 + Level 13.8 Short Blades
 + Level 16.3 Dodging
 + Level 23.1 Stealth
 - Level 9.9 Spellcasting
 - Level 13.2 Hexes
 - Level 8.1 Invocations


You had 26 spell levels left.
You knew the following spells:

 Your Spells              Type           Power        Failure   Level  Hunger
a - Mephitic Cloud        Conj/Pois/Air  #.......     24%         3    None
b - Ensorcelled Hibernat  Hex/Ice        ####..       1%          2    None
c - Confuse               Hex            ######..     1%          3    None

Your spell library contained the following spells:

 Spells                   Type           Power        Failure   Level  Hunger
 Confusing Touch          Hex            ######       1%          1    None
 Corona                   Hex            ######.      1%          1    None
 Slow                     Hex            ######..     1%          2    None
 Dazzling Spray           Conj/Hex       ####..       1%          3    None
 Inner Flame              Hex/Fire       ####....     1%          3    None
 Portal Projectile        Hex/Tloc       ####..       1%          3    None
 Spectral Weapon          Hex/Chrm       ####....     1%          3    None
 Tukima's Dance           Hex            ######..     1%          3    None
 Cause Fear               Hex            ######....   1%          4    ###....
 Leda's Liquefaction      Hex/Erth       ####......   5%          4    ###....
 Animate Skeleton         Necr           N/A          9%          1    None
 Apportation              Tloc           #.....       9%          1    None
 Freeze                   Ice            #...         9%          1    None
 Infusion                 Chrm           #...         9%          1    None
 Magic Dart               Conj           #...         9%          1    None
 Sandblast                Erth           #.....       9%          1    None
 Summon Small Mammal      Summ           #...         9%          1    None
 Blink                    Tloc           N/A          12%         2    None
 Call Imp                 Summ           #.......     12%         2    None
 Passwall                 Tmut/Erth      #.......     12%         2    None
 Poisonous Vapours        Pois/Air       #.....       12%         2    None
 Shroud of Golubria       Chrm/Tloc      #.....       12%         2    None
 Song of Slaying          Chrm           #.......     12%         2    None
 Throw Frost              Conj/Ice       #.....       12%         2    None
 Conjure Flame            Conj/Fire      #.......     24%         3    None
 Gell's Gravitas          Tloc           #.........   24%         3    None
 Lesser Beckoning         Tloc           #.........   24%         3    None
 Ozocubu's Armour         Chrm/Ice       #.......     24%         3    None
 Regeneration             Chrm/Necr      #.........   24%         3    None
 Stone Arrow              Conj/Erth      #.....       24%         3    None
 Teleport Other           Tloc           #.......     24%         3    None
 Passage of Golubria      Tloc           N/A          63%         4    ###....
 Petrify                  Tmut/Erth      #.......     63%         4    ###....
 Summon Ice Beast         Ice/Summ       #.......     63%         4    ###....
 Throw Icicle             Conj/Ice       #.......     63%         4    ###....
 Bolt of Magma            Conj/Fire/Erth #.........   92%         5    #####..
 Iskenderun's Battlesphe  Conj/Chrm      #.......     92%         5    #####..
 Lee's Rapid Deconstruct  Erth           #.........   92%         5    #####..
 Venom Bolt               Conj/Pois      #.........   92%         5    #####..
 Freezing Cloud           Conj/Ice/Air   #.........   100%        6    ######.
 Iron Shot                Conj/Erth      #.........   100%        6    ######.
 Orb of Destruction       Conj           #.........   100%        7    #######
 Ring of Flames           Chrm/Fire      #.........   100%        7    #######
 Spellforged Servitor     Conj/Summ      #.........   100%        7    #######


Dungeon Overview and Level Annotations

Branches:
Dungeon (15/15)            Temple (1/1) D:6            Lair (6/6) D:9
 Shoals (1/4) Lair:4        Snake (3/4) Lair:3        Slime (0/5) Lair:5
    Orc (1/2) D:12         Vaults (0/5) D:14         Depths (0/5) D:15

Altars:
Ashenzari
Cheibriados
Dithmenos
Elyvilon
Fedhas
Gozag
Hepliaklqana
Kikubaaqudgha
Makhleb
Nemelex Xobeh
Okawaru
Qazlal
Ru
Sif Muna
Trog
Uskayaw
Vehumet
Wu Jian
Xom
Yredelemnul
Zin
The Shining One

Shops:
D:9 %   D:12 *   Snake:3 *

Portals:
Hell: Lair:6

Annotations:
D:4 1 runed translucent door, exclusion: door, Crazy Yiuf, Pikel
D:12 3 runed translucent doors, hemabe's ghost, journeyman HuAr
Lair:1 1 runed translucent door, anet's ghost, novice DEWz
Snake:2 Aizul


Innate Abilities, Weirdness & Mutations

You are very small and have problems with some larger weapons.
You are too small for most types of armour.
You have supernaturally acute eyesight. (SInv)
You are a herbivore.
You cover ground extremely quickly.
You need to consume almost no food.


Message History

Press: ? - help, Shift-Dir - straight line, p - wind drake The wind drake resists with some effort.
Your shadow mimicks your spell!
The wind drake easily resists.
The water nymph touches you. The water nymph drowns you!
* * * LOW HITPOINT WARNING * * *
Unknown command.
Unknown command.
Unknown command.
Unknown command.
As you read the scroll of teleportation, it crumbles to dust.
You feel strangely unstable. The wind drake completely misses you.
The water nymph misses you.
It was a potion of flight.
You feel very buoyant.
You fly up into the air.
The wind drake bites you but does no damage.
The water nymph casts a spell at you. The water rises up and strikes you!
You die...

≈≈≈≈≈≈≈≈≈≈≈≈≈≈≈
≈≈≈≈≈≈≈≈≈≈≈≈≈≈≈
≈≈≈≈≈≈≈≈≈≈≈≈≈≈≈
≈≈≈≈≈≈≈≈≈≈≈≈≈≈≈
≈≈≈≈≈≈≈≈≈≈≈≈≈≈≈
≈≈≈≈≈≈≈≈≈≈≈≈≈≈≈
≈≈≈≈≈≈≈≈k≈≈≈≈≈≈
≈≈≈≈≈..@m≈≈≈≈≈≈
≈≈≈≈≈≈≈≈≈≈≈≈≈≈≈
≈≈.≈≈≈≈≈≈≈.≈≈≈≈
≈≈≈≈≈≈≈≈..>..≈≈
≈≈≈≈≈≈.......≈≈
≈≈≈...H.....≈≈≈
≈≈...≈##....≈≈≈
≈≈≈≈≈≈ #..≈≈≈≈


You could see a wind drake, a manticore (sleeping) and a water nymph.

Vanquished Creatures
  Rupert (D:14)
  Frances (Snake:1)
  A nagaraja (Snake:2)
  An ogre mage (D:15)
  2 naga warriors (Snake:1)
  Erolcha (D:10)
  Harold (D:7)
  9 hydras
  5 anacondas
  Fannar (D:12)
  9 two-headed ogres
  3 centaur warriors
  5 death yaks
  3 tengu warriors
  2 shock serpents (Snake:3)
  3 naga sharpshooters
  Urug (D:13)
  A sixfirhy (Lair:6)
  2 salamander mystics
  A deep troll (shapeshifter) (D:15)
  A wizard (Lair:6)
  4 naga ritualists
  2 unseen horrors
  2 orc knights
  2 deep elf magi
  An orc sorcerer (D:15)
  5 salamanders
  An oklob plant (Lair:5)
  An ugly thing (D:11)
  3 mana vipers (Snake:1)
  4 manticores
  5 cyclopes
  A guardian serpent (Snake:3)
  4 elephants
  28 black mambas
  A torpor snail (Lair:5)
  4 naga magi
  5 orange demons (Lair:6)
  2 gargoyles
  14 spiny frogs
  6 komodo dragons
  A kobold demonologist (D:13)
  4 yaktaurs (D:15)
  An ice devil (Lair:6)
  12 rime drakes
  A tengu conjurer (D:15)
  A hellwing (Lair:6)
  A queen bee (Lair:3)
  3 trolls
  2 polar bears
  11 slime creatures
  6 blink frogs
  7 dream sheep
  A centaur simulacrum (D:15)
  21 hippogriffs
  2 shadows
  25 yaks
  A spriggan (D:7)
  20 wyverns
  Eustachio (D:4)
  A wraith (D:10)
  15 basilisks
  Grum (D:11)
  16 humans
  4 vampire mosquitoes
  2 hungry ghosts
  A soldier ant (D:13)
  Menkaure (D:5)
  15 nagas
  6 hell hounds
  19 water moccasins
  Duvessa (D:7)
  10 porcupines
  4 orc warriors
  3 black bears
  2 ice beasts
  4 phantoms
  2 sky beasts
  7 ogres
  A slave (D:4)
  2 eyes of draining
  A necrophage (D:9)
  7 centaurs
  16 wolves
  20 crocodiles
  15 bullfrogs
  A wyvern zombie (D:8)
  Dowan (D:7)
  A hornet simulacrum (D:14)
  44 killer bees
  13 wights
  3 howler monkeys
  6 crimson imps
  3 bullfrog zombies
  8 jellies
  2 quasits
  4 centaur zombies
  7 orc priests
  A bullfrog skeleton (D:11)
  10 orc wizards
  7 centaur skeletons
  3 hounds
  18 worker ants
  3 iguanas
  A hell rat (Lair:3)
  8 ogre zombies (D:12)
  2 hound skeletons
  A worker ant zombie (D:10)
  3 gnolls (D:7)
  A howler monkey skeleton (D:7)
  13 adders
  A river rat (Lair:3)
  5 shadow imps
  18 oozes
  2 adder skeletons
  A worm (D:3)
  5 leopard geckos
  40 orcs
  8 bats
  7 giant cockroaches
  10 goblins
  10 hobgoblins
  7 jackals
  3 quokkas
  2 ball pythons
  4 frilled lizards
  A goblin skeleton (D:12)
  2 goblin zombies (D:12)
  5 hobgoblin skeletons (D:12)
  2 hobgoblin zombies (D:12)
  12 kobolds
  2 orc skeletons (D:12)
  13 orc zombies (D:12)
  2 quokka skeletons
  A quokka zombie (D:5)
  12 rats
785 creatures vanquished.

Vanquished Creatures (others)
  11 fungi
  2 plants (Lair:3)
13 creatures vanquished.

Grand Total: 798 creatures vanquished

Notes
Turn   | Place    | Note
-------+----------+-------------------------------------------
     0 | D:1      | Edwin the Spriggan Enchanter began the quest for the Orb.
     0 | D:1      | Reached XP level 1. HP: 9/9 MP: 5/5
   470 | D:1      | Reached skill level 5 in Stealth
   473 | D:1      | Reached XP level 2. HP: 11/13 MP: 6/6
  1648 | D:2      | Reached skill level 6 in Stealth
  1648 | D:2      | Reached XP level 3. HP: 16/16 MP: 8/8
  2205 | D:2      | Reached XP level 4. HP: 18/21 MP: 9/9
  2687 | D:3      | Reached skill level 7 in Stealth
  2806 | D:2      | Learned a level 2 spell: Ensorcelled Hibernation
  2810 | D:2      | Learned a level 3 spell: Confuse
  3941 | D:3      | Reached XP level 5. HP: 24/24 MP: 10/10
  4182 | D:3      | Reached skill level 8 in Stealth
  4895 | D:4      | Noticed a slave
  4895 | D:4      | Noticed a slave
  4902 | D:4      | Killed a slave
  4902 | D:4      | Noticed Eustachio
  5150 | D:4      | Killed Eustachio
  5150 | D:4      | Reached skill level 9 in Stealth
  5150 | D:4      | Reached XP level 6. HP: 27/28 MP: 9/13
  5306 | D:4      | Noticed Pikel
  5308 | D:4      | Noticed a slave
  5312 | D:4      | Noticed a slave
  5564 | D:4      | Reached skill level 10 in Stealth
  5949 | D:4      | Found a runed translucent door.
  5950 | D:4      | Noticed Crazy Yiuf
  6134 | D:5      | Entered Level 5 of the Dungeon
  6253 | D:5      | Reached XP level 7. HP: 32/32 MP: 15/15
  6256 | D:5      | Reached skill level 5 in Spellcasting
  6608 | D:5      | Found an iron altar of Okawaru.
  6683 | D:5      | Reached skill level 11 in Stealth
  6736 | D:5      | Noticed Menkaure
  6744 | D:5      | Killed Menkaure
  7041 | D:5      | Reached skill level 12 in Stealth
  7372 | D:6      | Reached XP level 8. HP: 36/36 MP: 15/18
  7499 | D:6      | Found a staircase to the Ecumenical Temple.
  7658 | Temple   | Entered the Ecumenical Temple
  8650 | D:7      | Found a shattered altar of Ashenzari.
  8650 | D:7      | Found an ornate altar of the Wu Jian Council.
  9076 | D:7      | Found a shadowy altar of Dithmenos.
  9082 | D:7      | Became a worshipper of Dithmenos the Shadowed
  9131 | D:7      | Reached skill level 13 in Stealth
  9223 | D:7      | Reached skill level 5 in Hexes
  9395 | D:7      | Noticed Harold
  9701 | D:7      | Noticed a hippogriff
  9708 | D:7      | Killed a hippogriff
  9728 | D:7      | Killed Harold
  9728 | D:7      | Reached skill level 14 in Stealth
  9728 | D:7      | Reached XP level 9. HP: 39/39 MP: 15/19
  9825 | D:7      | Noticed Duvessa
  9825 | D:7      | Noticed Dowan
  9828 | D:7      | Killed Duvessa
  9831 | D:7      | Killed Dowan
 10044 | D:7      | Learned a level 3 spell: Mephitic Cloud
 10059 | D:7      | Reached skill level 15 in Stealth
 10090 | D:7      | Found a sparkling altar of Nemelex Xobeh.
 10237 | D:8      | Reached * piety under Dithmenos
 10251 | D:8      | Reached skill level 5 in Short Blades
 10446 | D:8      | Noticed a two-headed ogre
 10454 | D:8      | Killed a two-headed ogre
 10454 | D:8      | Reached skill level 16 in Stealth
 10475 | D:8      | Reached XP level 10. HP: 41/44 MP: 17/20
 11291 | D:8      | Found a snail-covered altar of Cheibriados.
 11294 | D:8      | Found a glowing golden altar of the Shining One.
 11297 | D:8      | Found an ancient bone altar of Kikubaaqudgha.
 11340 | D:9      | Found Nohaiblu's Food Shop.
 11364 | D:9      | Reached ** piety under Dithmenos
 11552 | D:9      | Reached skill level 17 in Stealth
 11736 | D:9      | Reached skill level 5 in Dodging
 12099 | D:9      | Found a staircase to the Lair.
 12328 | Lair:1   | Entered Level 1 of the Lair of Beasts
 12346 | Lair:1   | Found a runed translucent door.
 12351 | Lair:1   | Noticed anet's ghost (novice DEWz)
 12355 | Lair:1   | Noticed an eight-headed hydra
 12362 | Lair:1   | Killed an eight-headed hydra
 12366 | Lair:1   | Noticed a seven-headed hydra
 12367 | Lair:1   | Noticed a black mamba
 12374 | Lair:1   | Killed a seven-headed hydra
 12389 | Lair:1   | Found a gate leading to a gauntlet.
 12391 | Lair:1   | Killed a black mamba
 12391 | Lair:1   | Reached skill level 18 in Stealth
 12391 | Lair:1   | Reached XP level 11. HP: 47/47 MP: 18/21
 12522 | Gauntlet | Entered a Gauntlet
 12522 | Gauntlet | Found a transporter.
 12527 | Gauntlet | Found a transporter.
 12530 | Gauntlet | Found a transporter.
 12541 | Gauntlet | Found a transporter.
 12543 | Gauntlet | Found a transporter.
 12553 | Gauntlet | Found a transporter.
 12570 | Gauntlet | Found a transporter.
 12574 | Gauntlet | Found a runed translucent door.
 12587 | Gauntlet | Found a transporter.
 13365 | Lair:2   | Got a spiked leather armour
 13419 | Lair:2   | Noticed a six-headed hydra
 13426 | Lair:2   | Killed a six-headed hydra
 13555 | Lair:2   | Reached *** piety under Dithmenos
 13555 | Lair:2   | Reached skill level 10 in Hexes
 14180 | Lair:3   | Reached skill level 19 in Stealth
 14187 | Lair:3   | Found a staircase to the Snake Pit.
 15452 | Lair:3   | Reached XP level 12. HP: 46/51 MP: 8/22
 15634 | Lair:3   | Reached **** piety under Dithmenos
 16180 | Lair:2   | Reached skill level 20 in Stealth
 16922 | Lair:4   | Reached skill level 10 in Dodging
 17155 | Lair:4   | Noticed a four-headed hydra
 17162 | Lair:4   | Killed a four-headed hydra
 17739 | Lair:4   | Found a staircase to the Shoals.
 17746 | Lair:4   | Reached skill level 21 in Stealth
 18071 | Lair:5   | Reached skill level 10 in Short Blades
 18161 | Lair:5   | Noticed an eight-headed hydra
 18168 | Lair:5   | Killed an eight-headed hydra
 18168 | Lair:5   | Reached ***** piety under Dithmenos
 18235 | Lair:5   | Found a staircase to the Slime Pits.
 18423 | Lair:5   | Reached XP level 13. HP: 53/55 MP: 14/25
 18590 | Lair:5   | You fall into a shaft and drop 1 floor!
 18590 | Lair:6   | Entered Level 6 of the Lair of Beasts
 19910 | Lair:6   | Reached skill level 1 in Invocations
 20804 | Lair:6   | Reached skill level 5 in Invocations
 21655 | Lair:6   | Found a burning altar of Makhleb.
 22351 | Lair:6   | Found a gateway to Hell.
 22558 | D:10     | Entered Level 10 of the Dungeon
 22730 | D:10     | You fall into a shaft and drop 2 floors!
 23294 | D:10     | Noticed Erolcha
 23301 | D:10     | Killed Erolcha
 23312 | D:10     | Reached XP level 14. HP: 46/59 MP: 12/26
 23632 | D:11     | Noticed Grum
 23656 | D:11     | Killed Grum
 24578 | D:12     | Noticed Fannar
 24586 | D:12     | Killed Fannar
 24673 | D:12     | Found a staircase to the Orcish Mines.
 24776 | D:12     | Reached ****** piety under Dithmenos
 25098 | D:12     | Found a shadowy altar of Dithmenos.
 25529 | D:12     | Found Jauck's Assorted Antiques.
 25617 | D:12     | Found a runed translucent gate.
 25618 | D:12     | Found a runed translucent gate.
 25618 | D:12     | Found a runed translucent gate.
 25659 | D:12     | Identified a scroll of acquirement
 25729 | D:12     | Reached skill level 1 in Fighting
 25739 | D:12     | Noticed hemabe's ghost (journeyman HuAr)
 25978 | Orc:1    | Entered Level 1 of the Orcish Mines
 26488 | D:13     | Noticed Urug
 26494 | D:13     | Killed Urug
 26523 | D:13     | Upgraded the game from 0.24-a0-530-g18ba70b503 to
                  | 0.24-a0-537-g2d01d4ab0a
 26869 | D:14     | Found a gate to the Vaults.
 26869 | D:14     | Noticed Rupert
 28281 | D:14     | Killed Rupert
 28281 | D:14     | Reached skill level 22 in Stealth
 28440 | D:14     | Reached XP level 15. HP: 61/68 MP: 15/29
 28948 | D:15     | Entered Level 15 of the Dungeon
 29294 | D:15     | Found a staircase to the Depths.
 29760 | D:15     | Reached skill level 15 in Dodging
 30621 | Snake:1  | Entered Level 1 of the Snake Pit
 30665 | Snake:1  | Found a sacrificial altar of Ru.
 31098 | Snake:1  | Reached skill level 5 in Fighting
 31524 | Snake:1  | Noticed Frances
 31531 | Snake:1  | Killed Frances
 32442 | Snake:2  | Reached XP level 16. HP: 77/77 MP: 30/30
 32480 | Snake:2  | Noticed Aizul
 32515 | Snake:2  | Reached skill level 23 in Stealth
 32943 | Snake:1  | Upgraded the game from 0.24-a0-537-g2d01d4ab0a to
                  | 0.24-a0-545-gd1b266bae6
 33567 | Snake:3  | Found Mealiuh's General Store.
 34424 | Shoals:1 | Entered Level 1 of the Shoals
 34430 | Shoals:1 | Killed from afar by a water nymph

Levels and vault maps discovered:
D:1:      dpeg_arrival_long_road, layout_basic
D:2:      layout_basic
D:3:      layout_basic
D:4:      layout_loops_ring, first_ration, uniq_pikel, uniq_eustachio,
          uniq_crazy_yiuf_cottage
D:5:      layout_loops_ring, lemuel_doored_altar, uniq_menkaure
D:6:      layout_basic, minmay_temple_entry_enclosed_plants,
          mrwooster_statue_mirror
D:7:      layout_loops_ring, chequers_temple_overflow_statue_of_worship,
          the_bakery, grunt_ministairs_10, nemelex_dance_club_becter,
          uniq_harold, uniq_duvessa
D:8:      layout_rooms, grunt_temple_overflow_diamond
D:9:      layout_irregular_city, grunt_lair_entry_orc_guard_hut, serial_shops,
          shop, serial_park_tiny_1, minmay_misc_feat_tower
D:10:     layout_loops_ring, uniq_erolcha
D:11:     layout_stronghold, uniq_grum
D:12:     layout_basic, zombieorc2_lemuel, serial_shops,
          nicolae_shop_window_shopping, gammafunk_ghost_nasty_kobolds,
          grunt_dithmenos_smoke, uniq_fannar
D:13:     layout_small_grid, grunt_ministairs_5, uniq_urug
D:14:     layout_rooms, david_vaults_3, special_room
          [special_room_mythical_zoo], nicolae_two_hexagons
D:15:     hangedman_depths_entry_civil_slaughter, layout_cave_pools,
          special_room [special_room_mythical_zoo], columned_hall_lemuel
Temple:   regret_index_temple_generic_petals
Lair:1:   layout_misc_corridors, ebering_ghost_reflecting_pool,
          gauntlet_entry_generic
Lair:2:   layout_cave_pods
Lair:3:   regret_index_tunnel_blossom, layout_gridlike,
          guppyfry_snake_entry_island, kennysheep_catoblepas_arena
Lair:4:   layout_cave_pods, minmay_shoals_entry_beasts, grunt_megastairs_5
Lair:5:   lemuel_slime, layout_regular_city, minmay_slime_entry_oklob_open
Lair:6:   evil_forest, layout_cave_pods, portal_ice_cave_entry_pillars_1,
          lemuel_fruit_fields
Shoals:1: layout_shoals
Snake:1:  hangedman_cross_stitches, layout_grid_maze, basic_altar, uniq_frances
Snake:2:  layout_gridlike, grunt_ministairs_3, uniq_aizul
Snake:3:  nicolae_aizul_guard, layout_chambers, serial_shops, shop
Orc:1:    layout_caves, basic_altar, chequers_guarded_unrand_ignorance

Skill      XL: |  1  2  3  4  5  6  7  8  9 10 11 12 13 14 15 16 |
---------------+-------------------------------------------------+-----
Stealth        | 5 6 7 9 10 12 14 16 18 19 21 22 23 | 23.1
Hexes          | 4 6 7 9 10 11 12 13 | 13.2
Spellcasting   | 3 4 6 7 9 |  9.9
Short Blades   | 4 5 7 8 10 11 12 13 | 13.8
Dodging        | 6 9 11 13 14 16 | 16.3
Invocations    | 7 8 |  8.1
Fighting       | 3 5 6 |  6.0

Action                   |  1- 3 |  4- 6 |  7- 9 | 10-12 | 13-15 | 16-18 || total
-------------------------+-------+-------+-------+-------+-------+-------++-------
Melee: Dagger            |   192 |   223 |   130 |   291 |   652 |    40 ||  1528
       Short sword       |       |    34 |       |       |       |       ||    34
 Cast: Ensorcelled Hiber |       |    20 |    46 |   166 |   342 |    20 ||   594
       Confuse           |       |     1 |     5 |    22 |    87 |     9 ||   124
       Mephitic Cloud    |       |       |     1 |     8 |     5 |       ||    14
Invok: Shadow Form       |       |       |       |       |     1 |       ||     1
Evoke: Wand              |       |       |       |       |     8 |       ||     8
  Use: Potion            |       |     1 |       |     1 |       |     1 ||     3
       Scroll            |       |    10 |    12 |       |    10 |     2 ||    34
 Stab: Sleeping          |    12 |    24 |    43 |   139 |   304 |    14 ||   536
       Confused          |       |       |     2 |    17 |    38 |       ||    57
       Distracted        |       |       |     3 |     7 |    15 |     2 ||    27
       Invisible         |       |       |       |       |     9 |       ||     9
       Petrified         |       |       |       |       |     3 |       ||     3
  Eat: Ration            |       |     2 |     3 |     4 |     7 |       ||    16
Armor: Robe              |    18 |    22 |     8 |     8 |     9 |     1 ||    66
Dodge: Dodged            |   143 |   232 |    96 |   245 |   426 |    68 ||  1210

Table legend:
 A = Non-vault XP
 B = Vault XP
 C = Vault XP percentage of total XP
 D = Non-vault monster count
 E = Vault monster count
 F = Vault count percentage of total count
                 A         B        C        D         E       F
            +---------+---------+-------+---------+---------+-------
      Total |  102036 |   61559 |  37.6 |     532 |     252 |  32.1
            +---------+---------+-------+---------+---------+-------
        D:1 |      33 |       0 |   0.0 |      22 |       0 |   0.0
        D:2 |      96 |       0 |   0.0 |      30 |       0 |   0.0
        D:3 |     154 |       0 |   0.0 |      34 |       0 |   0.0
        D:4 |     177 |     203 |  53.4 |      10 |       1 |   9.1
        D:5 |     486 |     169 |  25.8 |      19 |       1 |   5.0
        D:6 |     262 |       0 |   0.0 |      12 |       0 |   0.0
        D:7 |     921 |    1556 |  62.8 |      15 |       8 |  34.8
        D:8 |    2960 |       0 |   0.0 |      37 |       0 |   0.0
        D:9 |     986 |     800 |  44.8 |      16 |       6 |  27.3
       D:10 |    2559 |     993 |  28.0 |      25 |       1 |   3.8
       D:11 |    2575 |     531 |  17.1 |      16 |       4 |  20.0
       D:12 |    5969 |    1491 |  20.0 |      34 |      37 |  52.1
       D:13 |    9004 |    2602 |  22.4 |      36 |       8 |  18.2
       D:14 |    5111 |   13225 |  72.1 |      30 |      40 |  57.1
       D:15 |   10606 |   10332 |  49.3 |      23 |      31 |  57.4
     Lair:1 |    4914 |       0 |   0.0 |      18 |       0 |   0.0
     Lair:2 |    2597 |     243 |   8.6 |      14 |       3 |  17.6
     Lair:3 |    4050 |    5728 |  58.6 |      19 |      45 |  70.3
     Lair:4 |    6844 |    1253 |  15.5 |      23 |       4 |  14.8
     Lair:5 |    4450 |    1985 |  30.8 |      16 |      22 |  57.9
     Lair:6 |    9968 |    9791 |  49.6 |      31 |      25 |  44.6
    Snake:1 |   10929 |    9034 |  45.3 |      22 |      13 |  37.1
    Snake:2 |   11242 |    1395 |  11.0 |      21 |       2 |   8.7
    Snake:3 |    5143 |     228 |   4.2 |       9 |       1 |  10.0
            +---------+---------+-------+---------+---------+-------
